[Event "*** Titled Tuesday Blitz"]
[Site "Chess.com"]
[Date "2020.01.07"]
[Round "4"]
[White "francyIM"]
[Black "Olga_Zhuravleva"]
[Result "1-0"]
[WhiteElo "2606"]
[BlackElo "2361"]
[TimeControl "180+2"]
[EndTime "13:52:56 PST"]
[Termination "francyIM won by resignation"]

1. d4 g6 2. c4 Bg7 3. g3 d6 4.
Nf3 Nc6 5. Nc3 e5 6. dxe5 Nxe5 7. Nxe5 Bxe5 8. Qd2 Bg7 9. Bg2 Nf6 10. b3 O-O 11. Bb2 Re8 12. O-O a6 13. Nd5 Bf5 14. Nxf6+ Bxf6 15.
Bxb7 Rb8 16. Bg2 Bxb2 17. Qxb2 Bg4 18. e3 Be6 19. Rac1 Qg5 20. Rfd1 h5 21. Rd4 Qe5 22.
Qd2 Rb6 23. Rd1 a5 24. Bd5 Bg4 25. f3 Bh3 26. Re4 a4 27. Rxe5 dxe5 28. c5 Rbb8 29.
bxa4 Rec8 30. c6 Rb6 31. a5 Rb5 32. a4 Rc5 33. a6 Ra8 34. Qe2 Ra5 35. Bc4 Rxa4 36.
Kf2 Rb8 37. Rd2 Rb1 38. Ra2 Rxa2 39. Qxa2 Rh1 40. a7 Rxh2+ 41. Kg1 1-0

[Event "*** Titled Tuesday Blitz"]
[Site "Chess.com"]
[Date "2020.01.07"]
[Round "4"]
[White "Colombiano07"]
[Black "Jbd735"]
[Result "0-1"]
[WhiteElo "2169"]
[BlackElo "2466"]
[TimeControl "180+2"]
[EndTime "13:52:56 PST"]
[Termination "Jbd735 won by resignation"]

1. d4 d5 2. Nf3 Nf6 3. Bf4 e6 4. e3 c5 5. Nbd2 Nc6 6. Bb5 Bd6 7. dxc5 Bxc5 8. c4 O-O 9. O-O a6 10.
Bxc6 bxc6 11. b3 Bd6 12. Bg5 a5 13. e4 h6 14. Bh4 g5 15. Bg3 dxe4 16. Ne5 Qc7 17. Ng4 Nxg4 18. Qxg4 Bxg3 19. hxg3 f5 20. Qh5 Kg7 21. f3 e3 22. Nb1 Qxg3 23. Nc3 Bd7 24. Rad1 Be8 25. Qh2 Qxh2+ 26. Kxh2 f4 27. Rd6 Bg6 28. Rxe6 Rad8 29. Re1 Rf6 30. Re7+ Kf8 31.
Rc7 Rd3 32. Ne4 Bxe4 33. fxe4 Rd2 34. Kh3 h5 35. a3 Re6 36. b4 axb4 37. axb4 Rxe4 38.
Rxc6 e2 0-1

[Event "*** Titled Tuesday Blitz"]
[Site "Chess.com"]
[Date "2020.01.07"]
[Round "4"]
[White "MITerryble"]
[Black "IMRosen"]
[Result "1-0"]
[WhiteElo "2919"]
[BlackElo "2576"]
[TimeControl "180+2"]
[EndTime "13:52:58 PST"]
[Termination "MITerryble won by checkmate"]

1. d4 d5 2. Bg5 Nd7 3. e3 Ngf6 4. c3 Ne4 5. Bh4 h5 6. f3 g5 7. fxe4 gxh4 8. exd5 Nf6 9. Bb5+ Bd7 10. Qb3 Bh6 11. Nf3 Bxe3 12. Nbd2 Rg8 13. Nxh4 Bxd2+ 14. Kxd2 Ne4+ 15. Kc2 c6 16. dxc6 bxc6 17. Bc4 e6 18. g3 Rb8 19. Qa3 c5 20. Rad1 Bc6 21. Rhe1 Qg5 22. Qxa7 Ra8 23. Qc7 Bd5 24. Bxd5 Qxd5 25.
dxc5 Qxc5 26. Qd7+ Kf8 27. Rxe4 Rxa2 28. Qd6+ Qxd6 29.
Rxd6 Rg5 30. Rd7 Rb5 31. Rb4 Re5 32. Ng6+ fxg6 33. Rb8# 1-0

[Event "*** Titled Tuesday Blitz"]
[Site "Chess.com"]
[Date "2020.01.07"]
[Round "4"]
[White "Vegan4future"]
[Black "Faqade"]
[Result "0-1"]
[WhiteElo "2424"]
[BlackElo "2650"]
[TimeControl "180+2"]
[EndTime "13:53:03 PST"]
[Termination "Faqade won by resignation"]

1. d4 Nf6 2. c4 e6 3. Nf3 Bb4+ 4. Bd2 Bxd2+ 5. Qxd2 O-O 6. Nc3 d6 7. e4 e5 8. Bd3 Bg4 9. d5 a5 10. Qe3 Bxf3 11.
gxf3 Nh5 12. Ne2 Na6 13. O-O-O Nc5 14. Bc2 Qf6 15. Rhg1 Nf4 16. Nxf4 exf4 17. Qd2 h5 18. Rg2 Ra6 19. Rdg1 g6 20. Rg5 Rb6 21. Bb1 Rb4 22. Rf5 Rxc4+ 23. Bc2 Qg7 24. Rxf4 a4 25. Kd1 Qxb2 26. Bd3 Nxd3 27. Qxb2 Nxb2+ 28. Kd2 b5 29. Rh4 Kh7 30. Ke3 Re8 31. Kf4 Nd3+ 32. Kg5 Kg7 0-1

[Event "*** Titled Tuesday Blitz"]
[Site "Chess.com"]
[Date "2020.01.07"]
[Round "4"]
[White "GoldenShare"]
[Black "The_Chess_Coach"]
[Result "0-1"]
[WhiteElo "2460"]
[BlackElo "2211"]
[TimeControl "180+2"]
[EndTime "13:53:05 PST"]
[Termination "The_Chess_Coach won by resignation"]

1. e4 e5 2. Nf3 Nc6 3. Bc4 Nf6 4. d3 h6 5. O-O d6 6. c3 g5 7. Re1 g4 8. Nh4 Nxe4 9. dxe4 Qxh4 10. Nd2 Be6 11.
Bxe6 fxe6 12. Qb3 Kd7 13. Qxb7 Be7 14. Nf1 h5 15. Be3 Qf6 16. c4 h4 17. c5 d5 18. exd5 exd5 19. Rad1 d4 20. Nd2 h3 21. Nc4 hxg2 22. Nxe5+ Qxe5 23. Kxg2 Rxh2+ 24. Kf1 Rh1+ 25. Ke2 Rxe1+ 26. Kxe1 Rb8 27. Rxd4+ Qxd4 0-1

[Event "*** Titled Tuesday Blitz"]
[Site "Chess.com"]
[Date "2020.01.07"]
[Round "4"]
[White "Oleg_Papayan"]
[Black "MikeSailer"]
[Result "0-1"]
[WhiteElo "2408"]
[BlackElo "2117"]
[TimeControl "180+2"]
[EndTime "13:53:06 PST"]
[Termination "MikeSailer won by checkmate"]

1. e4 d5 2. exd5 Qxd5 3. Nc3 Qd6 4. d4 Nf6 5. Bc4 c6 6. Nf3 Bg4 7. h3 Bh5 8. g4 Bg6 9. Ne5 e6 10. Bf4 Qd8 11. Qe2 Bb4 12. O-O-O Bxc3 13. bxc3 Be4 14. g5 Bxh1 15. Nxf7 Qe7 16. Nxh8 Nd5 17. Be5 Qa3+ 18. Kd2 Qxc3+ 19. Kc1 Qa3+ 20. Kd2 Qc3+ 21. Kc1 Bf3 22. Qd3 Qa1+ 23. Kd2 Qxd1# 0-1

[Event "*** Titled Tuesday Blitz"]
[Site "Chess.com"]
[Date "2020.01.07"]
[Round "4"]
[White "stoleriu"]
[Black "Khalakhanov"]
[Result "0-1"]
[WhiteElo "2550"]
[BlackElo "2357"]
[TimeControl "180+2"]
[EndTime "13:53:08 PST"]
[Termination "Khalakhanov won by resignation"]

1. e4 c5 2. Nc3 a6 3. Nf3 e6 4.
d4 cxd4 5. Nxd4 Qc7 6. Bd3 Nc6 7.
Nxc6 bxc6 8. O-O d5 9. Qe2 Nf6 10. Kh1 Be7 11. e5 Nd7 12. f4 Nc5 13. Be3 Nxd3 14.
cxd3 c5 15. d4 c4 16. f5 Bd7 17. Qg4 g6 18. fxe6 Bxe6 19. Qf3 Qb7 20. b3 cxb3 21.
Rab1 b2 22. Rf2 Qc6 23. Bh6 Rc8 24. Nd1 Qc4 25. Rd2 Bg4 26. Qf2 Qc1 27. e6 f5 28.
Rdxb2 Qxh6 29. Ne3 O-O 30. Nxd5 Rc1+ 0-1

[Event "*** Titled Tuesday Blitz"]
[Site "Chess.com"]
[Date "2020.01.07"]
[Round "4"]
[White "BilodeauA"]
[Black "ValeriyGrinev"]
[Result "1-0"]
[WhiteElo "2804"]
[BlackElo "2551"]
[TimeControl "180+2"]
[EndTime "13:53:11 PST"]
[Termination "BilodeauA won by resignation"]

1. e4 c5 2. Nf3 e6 3. d4 cxd4 4. Nxd4 a6 5. Nc3 Qc7 6. Be2 b5 7. O-O Bb7 8. Re1 Nc6 9. Nxc6 dxc6 10. e5 Rd8 11. Bd3 c5 12. Qh5 g6 13. Qe2 Bg7 14. Bg5 Ne7 15. Be4 O-O 16. Bxb7 Qxb7 17. Ne4 Bxe5 18. Nxc5 Bxh2+ 19. Kxh2 Qc7+ 20. Qe5 Qxe5+ 21. Rxe5 f6 22. Rxe6 fxg5 23. Rxe7 Rxf2 24. Ne4 Rxc2 25. Rf1 Rd4 26. Nf6+ Kf8 27. Ra7 Rf4 28. Rd1 Rc8 29. Nxh7+ Kg8 30. Nxg5 Rh4+ 31. Kg3 Rh5 32. Ne4 Rf5 33.
Rd6 1-0

[Event "*** Titled Tuesday Blitz"]
[Site "Chess.com"]
[Date "2020.01.07"]
[Round "4"]
[White "Doraemon7"]
[Black "manmanlai1"]
[Result "0-1"]
[WhiteElo "2505"]
[BlackElo "2386"]
[TimeControl "180+2"]
[EndTime "13:53:11 PST"]
[Termination "manmanlai1 won on time"]

1. d4 d5 2. c4 e6 3. Nf3 a6 4.
Nbd2 Nf6 5. g3 dxc4 6. Nxc4 b5 7.
Nce5 Bb7 8. Bg2 c5 9. O-O Qb6 10. a4 Nc6 11. a5 Qa7 12. Bg5 Be7 13. Nxc6 Bxc6 14. dxc5 Bxc5 15. Rc1 Bd5 16. Qc2 Be7 17.
Ne5 Bxg2 18. Kxg2 O-O 19. Nc6 Qb7 20. e4 h6 21. Bxf6 Bxf6 22. f3 Rac8 23. Rfd1 Rc7 0-1

[Event "*** Titled Tuesday Blitz"]
[Site "Chess.com"]
[Date "2020.01.07"]
[Round "4"]
[White "ChessBitl"]
[Black "AndrewDGreen"]
[Result "1-0"]
[WhiteElo "2369"]
[BlackElo "2213"]
[TimeControl "180+2"]
[EndTime "13:53:11 PST"]
[Termination "ChessBitl won by checkmate"]

1. e4 c5 2. Nf3 g6 3. d4 cxd4 4. Qxd4 Nf6 5. e5 Nc6 6. Qa4 Nd5 7. Qe4 Nb6 8. Nc3 Bg7 9. Bf4 d5 10. exd6 Bxc3+ 11. bxc3 Bf5 12. Qe3 Nd5 13. Qd2 Nxf4 14.
Qxf4 O-O 15. Bd3 Qa5 16. O-O Bxd3 17. cxd3 Qxc3 18. dxe7 Nxe7 19. d4 Nd5 20. Qe5 Rad8 21. Rfc1 Qa3 22. Rc5 Rfe8 23. Qg5 Nc3 24. Qh6 Qb2 25.
Rf1 Ne4 26. Rc7 a5 27. Ne5 Qb6 28. Rxf7 Nf6 29. Qg7# 1-0

[Event "*** Titled Tuesday Blitz"]
[Site "Chess.com"]
[Date "2020.01.07"]
[Round "4"]
[White "luis-garcia"]
[Black "ITheOnlyME"]
[Result "0-1"]
[WhiteElo "2133"]
[BlackElo "2312"]
[TimeControl "180+2"]
[EndTime "13:53:13 PST"]
[Termination "ITheOnlyME won by resignation"]

1. d4 d6 2. c4 e5 3. d5 f5 4.
Nc3 Nf6 5. g3 g6 6. Bg2 Bg7 7. e4 O-O 8. Nge2 a5 9. O-O Na6 10.
Bg5 Nc5 11. Bxf6 Qxf6 12. f4 exf4 13. Nxf4 Qd4+ 14. Kh1 fxe4 15. Qxd4 Bxd4 16. Nxe4 Nxe4 17. Bxe4 Bxb2 18. Rab1 Be5 19. Nd3 Rxf1+ 20. Rxf1 Bh3 21. Rb1 Bd4 22. Rxb7 Bb6 23. c5 Bc8 24. cxb6 Bxb7 25.
bxc7 Rc8 26. Kg2 Rxc7 27. Nf4 Rc4 28. Kf3 Ra4 29. Bb1 g5 30. Ne6 Bxd5+ 0-1

[Event "*** Titled Tuesday Blitz"]
[Site "Chess.com"]
[Date "2020.01.07"]
[Round "4"]
[White "Irishchessman16"]
[Black "SCIM"]
[Result "1-0"]
[WhiteElo "2216"]
[BlackElo "2466"]
[TimeControl "180+2"]
[EndTime "13:53:17 PST"]
[Termination "Irishchessman16 won by checkmate"]

1. e4 c5 2. Nf3 e6 3. g3 Nc6 4. Bg2 Nf6 5. Qe2 e5 6. O-O Be7 7. c3 O-O 8. Rd1 Re8 9. d4 cxd4 10. cxd4 exd4 11. Nxd4 Nxd4 12. Rxd4 Bc5 13. Rc4 d6 14.
Nc3 Be6 15. Ra4 Bd7 16. b4 Bd4 17. Ra3 Ng4 18. Be3 Nxe3 19. fxe3 Be5 20. Rd1 Qg5 21.
Nd5 Bg4 22. Bf3 Bxf3 23. Qxf3 Rac8 24. Rxa7 Rb8 25. Rf1 f6 26. Qf5 Qh6 27. Qd7 Red8 28. Qe6+ Kh8 29. b5 Re8 30. Rxb7 Ra8 31. Re7 Rg8 32.
Rf2 Qg6 33. Qf5 Qh6 34. b6 g6 35. Qe6 Qh5 36. Nxf6 Qd1+ 37. Kg2 Rg7 38. Rxg7 Kxg7 39. Qe7+ Kh6 40. Qxh7+ Kg5 41. Qh4# 1-0

[Event "*** Titled Tuesday Blitz"]
[Site "Chess.com"]
[Date "2020.01.07"]
[Round "4"]
[White "secretsuperstar7"]
[Black "pedroholly22"]
[Result "1/2-1/2"]
[WhiteElo "2206"]
[BlackElo "2339"]
[TimeControl "180+2"]
[EndTime "13:53:18 PST"]
[Termination "Game drawn by repetition"]

1. d4 Nf6 2. c4 g6 3. Nc3 Bg7 4. e4 O-O 5. h3 d6 6. Nf3 c5 7. Be3 cxd4 8. Nxd4 Nc6 9. Be2 Bd7 10.
O-O Nxd4 11. Bxd4 Bc6 12. Qc2 Rc8 13. Rad1 b5 14. Bxf6 Bxf6 15. cxb5 Bb7 16. Qd3 Qa5 17. Rc1 Bxc3 18. bxc3 Qxa2 19. Ra1 Qb3 20. Rxa7 Rxc3 21.
Qd4 Rb8 22. Qb6 Qc2 23. Rxb7 Rxb7 24. Qxb7 Qxe2 25. Qa8+ Kg7 26. Qa1 Qc2 27. b6 e5 28.
b7 Rb3 29. Qa6 Qb2 30. Qxd6 Rxb7 31. Rd1 Qc3 32. Rd5 Qe1+ 33. Kh2 Qxe4 34. Qxe5+ Qxe5+ 35. Rxe5 Kf6 36. Rc5 Rb3 37. Ra5 h5 38. Ra6+ Kg5 39. g3 Rb5 40. Kg2 Kf5 41. Rc6 f6 42. Kf3 Rb3+ 43.
Kg2 g5 44. Rc5+ Kg6 45. Rc8 Kf5 46. Rc5+ Kg6 47. Rc8 Kf5 48. Rc5+ 1/2-1/2

[Event "*** Titled Tuesday Blitz"]
[Site "Chess.com"]
[Date "2020.01.07"]
[Round "4"]
[White "joejan"]
[Black "Vugar_Manafov"]
[Result "0-1"]
[WhiteElo "2151"]
[BlackElo "2593"]
[TimeControl "180+2"]
[EndTime "13:53:19 PST"]
[Termination "Vugar_Manafov won by checkmate"]

1. e4 Nf6 2. Nc3 d5 3. e5 Nfd7 4. Nxd5 Nxe5 5. Ne3 g6 6. b3 Bg7 7. d4 Nec6 8. c3 e5 9. d5 Ne7 10. c4 O-O 11. Bb2 Nd7 12. Nf3 f5 13. Be2 h6 14. O-O g5 15. b4 g4 16. Nd2 h5 17. f4 Ng6 18. fxe5 f4 19. Nc2 Ndxe5 20. Nd4 h4 21. Ne4 h3 22. gxh3 f3 23. Bd3 Nf4 24. Bc2 Nxh3+ 25. Kh1 Qh4 26. Bb3 Nf4 27. c5 Qh3 28. Rg1 Ng2 29. Ne6 g3 30. Nxg3 Ng4 31. Nf1 Nf2# 0-1

[Event "*** Titled Tuesday Blitz"]
[Site "Chess.com"]
[Date "2020.01.07"]
[Round "4"]
[White "chess3054"]
[Black "CM_Perligero"]
[Result "1-0"]
[WhiteElo "2418"]
[BlackElo "2088"]
[TimeControl "180+2"]
[EndTime "13:53:21 PST"]
[Termination "chess3054 won by checkmate"]

1. e4 c6 2. d4 d6 3. Nf3 g6 4.
Bd3 Bg7 5. O-O Qb6 6. c3 Bg4 7. h3 Bd7 8. Re1 Qc7 9. Nbd2 Nf6 10. e5 dxe5 11. Nxe5 Be6 12. Ndf3 Nbd7 13. Bf4 Qb6 14. Qd2 Nd5 15. Nxd7 Bxd7 16. Be5 Nf6 17. Bd6 Be6 18. Bc5 Qc7 19. Ng5 Qd7 20. Nxe6 fxe6 21. Qe2 Kf7 22. Rad1 b6 23. Ba3 Rhd8 24. b3 Nd5 25. c4 Nc3 26. Qf3+ Kg8 27. Bxg6 Nxd1 28. Bf7+ Kh8 29. Qxd1 Bxd4 30.
Qh5 Rf8 31. Bg6 Bxf2+ 32. Kh1 Rf7 33. Bxf7 Bxe1 34. Qe5# 1-0

[Event "*** Titled Tuesday Blitz"]
[Site "Chess.com"]
[Date "2020.01.07"]
[Round "4"]
[White "Heineccius"]
[Black "igorkovalenko"]
[Result "0-1"]
[WhiteElo "2656"]
[BlackElo "2908"]
[TimeControl "180+2"]
[EndTime "13:53:26 PST"]
[Termination "igorkovalenko won by resignation"]

1. d4 Nf6 2. c4 b6 3. Nc3 Bb7 4. Nf3 g6 5. g3 Bg7 6. Bg2 O-O 7.
O-O Ne4 8. Bd2 Nxd2 9. Qxd2 d6 10. d5 a5 11. Nd4 Nd7 12. b3 Nc5 13. Rac1 Qc8 14. h3 e5 15. dxe6 fxe6 16. Bxb7 Qxb7 17. Qe3 Rae8 18. Ncb5 Re7 19. Nf3 h6 20. Rfd1 g5 21. Ne1 Ref7 22. Nf3 Qe4 23. Qxe4 Nxe4 24. Nbd4 Re7 25.
Nc6 Ree8 26. Kg2 Bb2 27. Rc2 Ba3 28. e3 Bc5 29. Nfd4 Rf7 30. Nb5 Ref8 31. Rf1 Bxe3 32. f3 Nd2 33. Re1 Rxf3 34. Rxe3 Rf2+ 0-1

[Event "*** Titled Tuesday Blitz"]
[Site "Chess.com"]
[Date "2020.01.07"]
[Round "4"]
[White "Kirill_Klukin"]
[Black "Majkelopulos"]
[Result "1/2-1/2"]
[WhiteElo "2668"]
[BlackElo "2524"]
[TimeControl "180+2"]
[EndTime "13:53:27 PST"]
[Termination "Game drawn by agreement"]

1. Nf3 d5 2. d4 Bg4 3. Ne5 Bf5 4. c4 f6 5. Nf3 e6 6. Nc3 c6 7. Bf4 Bd6 8. Bg3 Ne7 9. e3 O-O 10. Nh4 Bg6 11. Nxg6 hxg6 12. Qg4 Kf7 13. Bd3 Nf5 14. O-O-O Bxg3 15. hxg3 Nd7 16. Kb1 Rh8 17. Qf4 Qb8 18. Qf3 Qc7 19. Rc1 Qd6 20. cxd5 cxd5 21. g4 Ne7 22. e4 Rxh1 23. Rxh1 Kg8 24. exd5 Nxd5 25. Nxd5 Qxd5 26. Qxd5 exd5 27. Bxg6 Nf8 28. Bf5 Re8 29.
Bd3 Ne6 30. Re1 Kf7 31. Bf5 Nc7 32. Rxe8 Kxe8 33. Kc2 Ke7 34. Kd3 Kd6 35. Bc8 b6 36.
Ke3 Nb5 37. Bf5 Ke7 38. Bd3 Nd6 39. Kf4 g5+ 40. Ke3 Ke6 41. g3 Kf7 42. f4 Ke6 43. Ba6 Kf7 44. Bd3 Ke6 45. Kd2 Kf7 46. Bf5 Nxf5 47.
gxf5 g4 48. Kc3 Ke7 49. Kb4 a6 50.
a4 Kd6 51. a5 b5 52. b3 Kc6 53. Kc3 Kd6 54. b4 Kc6 55. Kd3 Kd6 56. Ke3 1/2-1/2

[Event "*** Titled Tuesday Blitz"]
[Site "Chess.com"]
[Date "2020.01.07"]
[Round "4"]
[White "ShahMatKanal"]
[Black "promen1999"]
[Result "0-1"]
[WhiteElo "2549"]
[BlackElo "2786"]
[TimeControl "180+2"]
[EndTime "13:53:30 PST"]
[Termination "promen1999 won by resignation"]

1. d4 Nf6 2. c4 d6 3. Nc3 Nbd7 4. Nf3 e5 5. g3 g6 6. Bg2 Bg7 7. O-O O-O 8. d5 a5 9. e4 Nc5 10. Ne1 b6 11. Nd3 Nfd7 12. Be3 f5 13. exf5 gxf5 14. f4 Nxd3 15. Qxd3 Nc5 16. Qd2 e4 17. Bd4 Qe7 18. Bxg7 Qxg7 19. Nb5 Ba6 20. Na3 Rae8 21. b3 e3 22. Qe2 Re7 23. Rab1 Ne4 24. Bxe4 Rxe4 25. Nc2 Rfe8 26. Ne1 Qc3 27. a4 c6 28. dxc6 d5 29.
g4 dxc4 30. b4 axb4 31. gxf5 Bc8 32. Qg4+ Qg7 33. Qxg7+ Kxg7 34. Rxb4 Bxf5 35. Nf3 e2 36. Re1 Rxf4 37. Nd2 c3 38. Rxf4 cxd2 39. Kf2 d1=Q 0-1

[Event "*** Titled Tuesday Blitz"]
[Site "Chess.com"]
[Date "2020.01.07"]
[Round "4"]
[White "nubair1198"]
[Black "AminMolaei"]
[Result "1-0"]
[WhiteElo "2913"]
[BlackElo "2574"]
[TimeControl "180+2"]
[EndTime "13:53:32 PST"]
[Termination "nubair1198 won by checkmate"]

1. d4 Nf6 2. c4 e6 3. Nc3 Bb4 4. Qc2 O-O 5. e4 d6 6. Bd3 e5 7. a3 Bxc3+ 8. bxc3 Nc6 9. Ne2 b6 10. O-O Na5 11. f4 h6 12. Ng3 Re8 13. Rb1 c5 14.
fxe5 dxe5 15. d5 Rf8 16. Rb2 Ne8 17. Qe2 Nd6 18. Nh5 Qh4 19. h3 f5 20. exf5 e4 21.
Bb1 Naxc4 22. Rf4 Qd8 23. Rg4 Rf7 24. Bxe4 Nxb2 25. Bxh6 Nxe4 26. Nxg7 Kh7 27. Qxe4 Kxh6 28. Rg6+ Kh7 29. Qg4 Nd3 30. Qh5+ Kg8 31. Ne6+ Rg7 32. Rxg7# 1-0

[Event "*** Titled Tuesday Blitz"]
[Site "Chess.com"]
[Date "2020.01.07"]
[Round "4"]
[White "JustaTrickstar"]
[Black "Orest_Vovk"]
[Result "1-0"]
[WhiteElo "2745"]
[BlackElo "2435"]
[TimeControl "180+2"]
[EndTime "13:53:39 PST"]
[Termination "JustaTrickstar won on time"]

1. c4 Nc6 2. Nc3 Nf6 3. Nf3 e5 4. e4 Bc5 5. Nxe5 Nxe5 6. d4 Bd6 7. c5 Bxc5 8. dxe5 Ng8 9. Qg4 g6 10. Qg3 d6 11. Bg5 Qd7 12. O-O-O Qg4 13. exd6 Qxg3 14.
hxg3 cxd6 15. Nb5 Kf8 16. f3 Be6 17. Kb1 Kg7 18. Be2 h6 19. Bf4 g5 20. Bxd6 Bxd6 21. Rxd6 Nf6 22. Nc7 Ne8 23. Nxe6+ fxe6 24. Rxe6 Rd8 25.
e5 Rd2 26. Bc4 Rd7 27. Bb5 Rd8 28. Re7+ Kg6 29. g4 1-0

[Event "*** Titled Tuesday Blitz"]
[Site "Chess.com"]
[Date "2020.01.07"]
[Round "4"]
[White "chesstatour"]
[Black "Region_07"]
[Result "0-1"]
[WhiteElo "1978"]
[BlackElo "2377"]
[TimeControl "180+2"]
[EndTime "13:53:40 PST"]
[Termination "Region_07 won on time"]

1. c4 e5 2. Nc3 Nc6 3. Nf3 g6 4.
d4 exd4 5. Nxd4 Bg7 6. Nc2 Nge7 7. g3 O-O 8. Bg2 Ne5 9. c5 Nf5 10. O-O Rb8 11. e4 Ne7 12. Qe2 d6 13. Rd1 Be6 14.
cxd6 cxd6 15. Ne3 Rc8 16. Ncd5 Nxd5 17. exd5 Bf5 18. Nxf5 gxf5 19. Bd2 Qf6 20. Bc3 f4 21. f3 Qg5 22. Bd2 Ng6 23. Qe4 Be5 24. g4 h5 25. h3 Nh4 26. Be1 Nxg2 27. Kxg2 f5 28.
Qd3 fxg4 29. hxg4 hxg4 30. fxg4 Qxg4+ 31. Kf1 f3 32. Qd2 f2 33. Bxf2 Bg3 0-1

[Event "*** Titled Tuesday Blitz"]
[Site "Chess.com"]
[Date "2020.01.07"]
[Round "4"]
[White "AntonSmirnov"]
[Black "MarcoRiehle"]
[Result "0-1"]
[WhiteElo "2868"]
[BlackElo "2650"]
[TimeControl "180+2"]
[EndTime "13:53:42 PST"]
[Termination "MarcoRiehle won by resignation"]

1. e4 e5 2. Nf3 Nf6 3. Nxe5 Nxe4 4. Qe2 Qe7 5. Qxe4 d6 6. d4 dxe5 7. dxe5 Nc6 8. f4 Bg4 9. Bb5 O-O-O 10. Nc3 Nd4 11.
Bd3 Qh4+ 12. g3 Qh3 13. Kf2 Bf3 14. Qxf3 Nxf3 15. Kxf3 Bc5 16. Be3 Qh5+ 17. Kf2 Bxe3+ 18. Kxe3 Rhe8 19. Kf2 f6 20. exf6 Qc5+ 21. Kg2 Qc6+ 22.
Kf2 Qb6+ 23. Kg2 Qxb2 24. f7 Rf8 25. Bf5+ Kb8 26. Ne2 Rxf7 27. Be4 c6 28. Rhb1 Qf6 29.
Rd1 Rxd1 30. Rxd1 Re7 31. Bd3 Qb2 32. f5 h6 33. g4 Qxa2 34. Nf4 a5 35. h4 a4 36. g5 hxg5 37. hxg5 Re5 38. Ng6 Qd5+ 39. Kg3 Rxf5 0-1

[Event "*** Titled Tuesday Blitz"]
[Site "Chess.com"]
[Date "2020.01.07"]
[Round "4"]
[White "Gogolev_Artemy"]
[Black "szefru"]
[Result "1-0"]
[WhiteElo "2452"]
[BlackElo "2135"]
[TimeControl "180+2"]
[EndTime "13:53:45 PST"]
[Termination "Gogolev_Artemy won by resignation"]

1. d4 d5 2. c4 c6 3. Nf3 Nf6 4. e3 a6 5. b3 e6 6. Bb2 Nbd7 7.
Nbd2 Bb4 8. Bd3 dxc4 9. bxc4 b5 10. O-O Bb7 11. c5 Nxc5 12. Bc2 Ncd7 13. Nb3 Rc8 14. Rc1 c5 15. a3 Ba5 16. dxc5 Nxc5 17. Nxa5 Qxa5 18.
Bxf6 gxf6 19. Qd4 Nd7 20. Be4 Rxc1 21. Rxc1 Qxa3 22. Ra1 e5 23. Rxa3 exd4 24. Bxb7 dxe3 25. Rxe3+ Kd8 26. Bxa6 b4 27. Rb3 Nc5 28. Rxb4 Nxa6 29.
Rb6 Kc7 30. Rxa6 f5 31. g3 Kd7 32. Rf6 Ke7 33. Rxf5 h5 34. h4 f6 35. Kg2 Ke6 36. Ra5 Rd8 37. Rxh5 f5 38. Rh6+ Kd5 39. Rf6 Ke4 40.
Re6+ Kd5 41. Re5+ 1-0

[Event "*** Titled Tuesday Blitz"]
[Site "Chess.com"]
[Date "2020.01.07"]
[Round "4"]
[White "tteshan"]
[Black "MiroMiljkovic"]
[Result "0-1"]
[WhiteElo "2289"]
[BlackElo "2548"]
[TimeControl "180+2"]
[EndTime "13:53:53 PST"]
[Termination "MiroMiljkovic won by resignation"]

1. d4 Nf6 2. c4 e6 3. Nc3 Bb4 4. e3 O-O 5. Bd3 d5 6. cxd5 exd5 7. Ne2 Re8 8. Bd2 c5 9. a3 Bxc3 10. bxc3 Nc6 11. O-O Bg4 12. f3 Bh5 13. Nf4 Bg6 14. Nxg6 hxg6 15. Rb1 Qc7 16. Qc1 Rac8 17. Qb2 b6 18.
Rfe1 Na5 19. e4 dxe4 20. fxe4 cxd4 21. cxd4 Nc4 22. Qb4 Nxd2 23. Qxd2 Qc3 24. Qe3 Ng4 25. Qg3 Qxd4+ 26. Kf1 Ne5 27. Rbd1 Re6 28. Bb5 Rf6+ 0-1

[Event "*** Titled Tuesday Blitz"]
[Site "Chess.com"]
[Date "2020.01.07"]
[Round "4"]
[White "Hrant_ChessMood"]
[Black "vanea_03"]
[Result "1-0"]
[WhiteElo "2928"]
[BlackElo "2695"]
[TimeControl "180+2"]
[EndTime "13:53:54 PST"]
[Termination "Hrant_ChessMood won by resignation"]

1. e4 e5 2. Nf3 Nc6 3. Bc4 Nf6 4. Ng5 d5 5. exd5 Na5 6. Bb5+ c6 7. dxc6 bxc6 8.
Bd3 Be7 9. O-O Nd5 10. Nf3 Bg4 11.
h3 Bh5 12. Re1 f6 13. Bf1 O-O 14. d4 exd4 15. g4 Bf7 16. Nxd4 Qd7 17. Nf5 Bc5 18. c4 Nb6 19. Qxd7 Nxd7 20. b3 Bg6 21. Bd2 Bxf5 22. gxf5 Bd4 23. Nc3 Ne5 24. Be2 Rad8 25. Rad1 Rfe8 26.
Ne4 Nb7 27. Kf1 Nd6 28. Nxd6 Rxd6 29. f4 Nf7 30. Bf3 Rxe1+ 31. Bxe1 Kf8 32. Bb4 c5 33. Be1 Be3 34. Bd5 Bxf4 35. Bf2 Ra6 36. Bxc5+ Bd6 37.
Bb7 1-0

[Event "*** Titled Tuesday Blitz"]
[Site "Chess.com"]
[Date "2020.01.07"]
[Round "4"]
[White "Sven_Tica"]
[Black "Genghis_K"]
[Result "0-1"]
[WhiteElo "2662"]
[BlackElo "2904"]
[TimeControl "180+2"]
[EndTime "13:53:54 PST"]
[Termination "Genghis_K won by resignation"]

1. d4 Nf6 2. c4 e6 3. g3 Bb4+ 4. Bd2 Be7 5. Bg2 d5 6. Nf3 O-O 7. O-O Nbd7 8. Qc2 Ne4 9. Bf4 c6 10. Nfd2 g5 11. Nxe4 gxf4 12. Ned2 fxg3 13. hxg3 f5 14. e3 Nf6 15. Nc3 Bd7 16. Ne2 Ng4 17.
Nf3 Bd6 18. Nf4 Qf6 19. Rfe1 Kh8 20. Rab1 b5 21. cxb5 cxb5 22. Rbc1 Rg8 23. Nd3 a5 24. b3 Qh6 25. Nde5 Be8 26. Qd3 Nf6 27. Rc2 Ne4 28. Rec1 Ra7 29. Rc8 Rag7 30. Kf1 Qh5 31. Qd1 b4 32. Nh4 Qxd1+ 33. Rxd1 Bb5+ 0-1

[Event "*** Titled Tuesday Blitz"]
[Site "Chess.com"]
[Date "2020.01.07"]
[Round "4"]
[White "Ginzburg_Yakov"]
[Black "Yaacovn"]
[Result "0-1"]
[WhiteElo "2567"]
[BlackElo "2810"]
[TimeControl "180+2"]
[EndTime "13:53:59 PST"]
[Termination "Yaacovn won on time"]

1. e4 c6 2. d4 d5 3. Nc3 dxe4 4. Nxe4 Nf6 5. Nxf6+ gxf6 6. c3 Qd5 7. Qf3 Bf5 8. Qxd5 cxd5 9. Ne2 Nc6 10. Ng3 Bg6 11.
h4 h5 12. Be3 e6 13. Bb5 a6 14. Bxc6+ bxc6 15. Kd2 Kd7 16. b4 a5 17. a3 Bd6 18.
Ne2 e5 19. f4 e4 20. Rhf1 Bf5 21. Ng3 Ke6 22. Ke2 Rhg8 23. Kf2 Rg4 24. Nxf5 Kxf5 25. g3 Rgg8 26. Rfb1 Rgb8 27. Bd2 Ke6 28. a4 axb4 29. cxb4 Kd7 30. Bc3 Rb7 31. b5 cxb5 32. Rxb5 Rxb5 33. axb5 Rxa1 34. Bxa1 Kc7 35. Ke3 Kb6 36. Bc3 f5 37. Be1 Kxb5 38. Bd2 Bb4 39. Bc1 Kc4 40. g4 fxg4 41.
f5 Be7 42. Kf4 Bxh4 0-1

[Event "*** Titled Tuesday Blitz"]
[Site "Chess.com"]
[Date "2020.01.07"]
[Round "4"]
[White "maciek_92"]
[Black "volcanoexplorer"]
[Result "1-0"]
[WhiteElo "2805"]
[BlackElo "2559"]
[TimeControl "180+2"]
[EndTime "13:53:59 PST"]
[Termination "maciek_92 won by resignation"]

1. e4 e5 2. Nf3 Nc6 3. Bb5 a6 4. Ba4 Nf6 5. O-O Be7 6. Re1 b5 7.
Bb3 O-O 8. a4 b4 9. a5 d6 10. h3 Be6 11. Bxe6 fxe6 12. d3 Qe8 13. Nbd2 Nh5 14. Nf1 Qg6 15. c3 bxc3 16. bxc3 Rf7 17. N1h2 Raf8 18. Be3 d5 19. Qa4 dxe4 20. dxe4 Rxf3 21.
Nxf3 Rxf3 22. Qxc6 Rxh3 23. Rab1 Bf8 24. Rb8 Rh4 25. Qe8 Qf7 26. Bc5 Rf4 27. Qxf8+ Qxf8 28. Rxf8+ Rxf8 29. Bxf8 Kxf8 30. Rb1 Nf6 31. f3 Ke7 32.
Rb7 Kd7 33. Ra7 Ne8 34. Rxa6 Nd6 35. Ra8 Nc8 36. Rb8 Na7 37. a6 Kc6 38. Kf2 1-0